 Dungeon Crawl Stone Soup version 0.31-a0-232-gb1c03b2570 (webtiles) character file.

Game seed: 17703295759643652135

144 qw the Shooter (level 5, -2/30 HPs)
             Began as a Gargoyle Hexslinger on July 7, 2023.
             Slain by an orc
             ... wielding a +0 trident
              (3 damage)
             ... on level 4 of the Dungeon.
             The game lasted 00:00:53 (2474 turns).

qw the Shooter (Gargoyle Hexslinger)                Turns: 2474, Time: 00:00:53

Health: -2/30      AC: 12    Str: 12    XL:     5   Next: 26%
Magic:  6/6        EV: 10    Int: 13    God:
Gold:   118        SH:  0    Dex: 14    Spells: 5/6 levels left

rFire   . . .        Y - +1 sling (chaos)
rCold   . . .        (no shield)
rNeg    + . .        d - +0 ring mail
rPois   inf          f - +0 helmet
rElec   +            (no cloak)
rCorr   .            c - +0 pair of gloves
SInv    .            h - +0 pair of boots
Will    .....        (no amulet)
Stlth   +            g - +4 ring of slaying {mikee}
HPRegen 0.25/turn    (no ring)
MPRegen 0.10/turn

%: no passive effects
@: no status effects
A: sickness immunity, AC +4, negative energy resistance 1, electricity
resistance, torment resistance 1, petrification resistance
a: no special abilities


You were on level 4 of the Dungeon.
You visited 1 branch of the dungeon, and saw 4 of its levels.

You collected 118 gold pieces.


Innate Abilities, Weirdness & Mutations

You are immune to sickness and miasma.
Your stone body is resilient. (AC +4)
You are immune to poison.
You resist negative energy. (rN+)
You are resistant to electric shocks. (rElec)
You are resistant to unholy torment.
You are immune to petrification.


   Skills:
 - Level 2.0 Fighting
 + Level 4.8 Ranged Weapons
 - Level 1.0 Armour
 - Level 1.5 Dodging
 - Level 1.0 Spellcasting
 - Level 2.6 Hexes


You had 5 spell levels left.
You knew the following spells:

 Your Spells              Type           Power      Damage    Failure   Level
a - Slow                  Hex            28%        N/A       22%         1

Your spell library contained the following spells:

 Spells                   Type           Power      Damage    Failure   Level
 Inner Flame              Hex/Fire       4%         N/A       73%         3
 Portal Projectile        Hex/Tloc       8%         N/A       73%         3
 Cause Fear               Hex            3%         N/A       91%         4

Inventory:

Hand Weapons
 Y - a +1 sling of chaos (weapon)
Armour
 c - a +0 pair of gloves (worn)
 d - a +0 ring mail (worn)
 f - a +0 helmet (worn)
 h - a +0 pair of boots (worn)
Jewellery
 g - a +4 ring of slaying (left hand) {mikee}
Scrolls
 i - a scroll of identify
Potions
 a - a potion of might
 e - a potion of enlightenment
 k - a potion of curing
 l - a potion of cancellation

Dungeon Overview and Level Annotations

Branches:
Dungeon (4/15)
 Temple: D:4-7

Altars:
Qazlal


Message History

The orc hits you from afar with a +0 trident.
The orc warrior barely misses you.
You shoot a sling bullet. The sling bullet hits the orc warrior.
The orc warrior suddenly seems more resistant.
The orc warrior is lightly wounded.
The orc warrior hits you with a +0 mace!
The orc hits you but does no damage.
You shoot a sling bullet.
The sling bullet barely misses the orc warrior.
The sling bullet hits the ball python!
You feel better.
You kill the ball python!
The orc closely misses you.
The orc warrior hits you with a +0 mace.
The orc hits you but does no damage.
You shoot a sling bullet. The sling bullet hits the orc warrior!
The orc warrior is moderately wounded.
The orc hits you but does no damage.
The orc warrior hits you with a +0 mace.
The orc hits you but does no damage. The orc barely misses you. x2
The orc warrior hits you but does no damage.
You shoot a sling bullet.
The sling bullet hits the orc warrior but does no damage.
The orc warrior is moderately wounded.
The orc hits you but does no damage. The orc hits you with a +0 club.
The orc warrior closely misses you.
You shoot a sling bullet. The sling bullet hits the orc warrior.
The orc warrior is moving more slowly.
The orc warrior is heavily wounded.
The orc hits you from afar with a +0 trident!
The orc warrior hits you but does no damage.
The orc hits you with a +0 club.
You shoot a sling bullet.
The sling bullet hits the orc warrior but does no damage.
The orc warrior is heavily wounded.
The orc hits you but does no damage. The orc warrior closely misses you.
The orc hits you but does no damage.
The orc warrior hits you with a +0 mace.
The orc hits you but does no damage.
The orc hits you from afar with a +0 trident.
You die...

#.##...........
#.##.########## #.##.#
#.##.# #.##.# ####
#.##.# ..... #.##.#
......####.##.##########
...).go@...........>....
.....oo....########..###
.%########## #..# #..#
#..# #..# #..# #..# #..#


You could see an orc warrior (resistant, petrifying), 2 orcs and a goblin.

Vanquished Creatures
  4 gnolls (D:2)
  2 adders (D:3)
  An ufetubus (D:4)
  A worm (D:3)
  2 dart slugs (D:1)
  8 orcs
  4 bats
  6 endoplasms
  3 goblins
  7 hobgoblins
  6 jackals (D:1)
  2 kobolds
  3 quokkas
  7 ball pythons
  7 rats
63 creatures vanquished.

Notes
Turn   | Place    | Note
-------+----------+-------------------------------------------
     0 | D:1      | qw the Gargoyle Hexslinger began the quest for the Orb.
     0 | D:1      | Reached XP level 1. HP: 12/12 MP: 2/2
     0 | D:1      | 0 ||| qw: Version: 0.3-a-46-gb1f654a
     0 | D:1      | 0 ||| qw: Game counter: 2564
     0 | D:1      | 0 ||| qw: Melee chars always use a shield: true
     0 | D:1      | 0 ||| qw: God list: Okawaru
     0 | D:1      | 0 ||| qw: Allow faded altars: false
     0 | D:1      | 0 ||| qw: Do Orc after clearing Dungeon:15 true
     0 | D:1      | 0 ||| qw: Do second Lair branch before Depths: true
     0 | D:1      | 0 ||| qw: Lair rune preference: random
     0 | D:1      | 0 ||| qw: Goals: Normal
     0 | D:1      | 0 ||| PLANNING D:1-11
   152 | D:1      | 152 ||| Stepping ~*~*~tactically~*~*~ (outnumbered).
   202 | D:1      | Reached XP level 2. HP: 16/16 MP: 3/3
   279 | D:1      | Reached skill level 3 in Ranged Weapons
   503 | D:1      | Reached XP level 3. HP: 21/21 MP: 4/4
   876 | D:1      | 876 ||| UPGRADING to +0 ring mail.
   886 | D:1      | 886 ||| DROPPING +0 robe.
   887 | D:1      | 887 ||| UPGRADING to +0 pair of boots.
   892 | D:1      | 892 ||| UPGRADING to +4 ring of slaying {mikee}.
   893 | D:1      | 893 ||| READING scroll labelled DONAIBR YGAOZIUT.
   894 | D:1      | 894 ||| READING scroll labelled VUPIRUZ UKAETE.
   895 | D:1      | 895 ||| READING scroll labelled VIETOH AFROKA.
   896 | D:1      | 896 ||| DRINKING 2 puce potions.
   945 | D:1      | 945 ||| DROPPING scroll of poison.
   946 | D:1      | 946 ||| DROPPING potion of lignification.
   996 | D:2      | Reached skill level 1 in Armour
  1001 | D:2      | Reached XP level 4. HP: 26/26 MP: 5/5
  1666 | D:2      | 1666 ||| UPGRADING to +0 pair of gloves.
  1671 | D:2      | 1671 ||| UPGRADING to +0 helmet.
  1691 | D:3      | Reached skill level 4 in Ranged Weapons
  1698 | D:3      | 1698 ||| STAIRDANCE
  1934 | D:3      | Reached XP level 5. HP: 27/30 MP: 6/6
  2129 | D:3      | Found a stormy altar of Qazlal.
  2336 | D:3      | 2336 ||| READING scroll labelled INTEYKHYACU.
  2337 | D:3      | 2337 ||| READING scroll labelled JUQOCUCLIAM.
  2338 | D:3      | 2338 ||| DRINKING 2 orange potions.
  2339 | D:3      | 2339 ||| READING 5 scrolls of identify.
  2339 | D:3      | 2339 ||| IDENTIFYING fuming inky potion
  2340 | D:3      | 2340 ||| READING 4 scrolls of identify.
  2340 | D:3      | 2340 ||| IDENTIFYING bubbling green potion
  2341 | D:3      | 2341 ||| READING 3 scrolls of identify.
  2341 | D:3      | 2341 ||| IDENTIFYING amethyst potion
  2342 | D:3      | 2342 ||| READING 2 scrolls of identify.
  2342 | D:3      | 2342 ||| IDENTIFYING ruby potion
  2343 | D:3      | 2343 ||| DROPPING potion of magic.
  2462 | D:4      | Noticed an orc warrior
  2473 | D:4      | HP: 4/30 [orc/+0 trident (7)]
  2474 | D:4      | HP: 1/30 [orc warrior/+0 mace (1)]
  2474 | D:4      | Slain by an orc

Levels and vault maps discovered:
D:1:      dpeg_arrival_renting, layout_loops_ring
D:2:      layout_loops_ring
D:3:      layout_loops_cross, mainiacjoe_overflow_24_doors
D:4:      layout_basic, lemuel_doored_altar, temple_statues, serial_shops,
          nicolae_shop_real_fake_doors

Skill      XL: |  1  2  3  4 |
---------------+-------------+-----
Ranged Weapons | 3 4 |  4.8
Fighting       | 2 |  2.0
Armour         | 1 |  1.0
Dodging        | |  1.5
Spellcasting   | |  1.0
Hexes          | |  2.6

Action                     |  1- 3 |  4- 6 || total
---------------------------+-------+-------++-------
   Fire: Sling             |    91 |    94 ||   185
    Use: Scroll            |     3 |     6 ||     9
         Potion            |     1 |     1 ||     2
 Armour: Robe              |    24 |       ||    24
         Ring mail         |       |    26 ||    26
  Dodge: Dodged            |    51 |    24 ||    75

Table legend:
 A = Non-vault XP
 B = Vault XP
 C = Vault XP percentage of total XP
 D = Non-vault monster count
 E = Vault monster count
 F = Vault count percentage of total count
                 A         B        C        D         E       F
            +---------+---------+-------+---------+---------+-------
      Total |     206 |       0 |   0.0 |      63 |       0 |   0.0
            +---------+---------+-------+---------+---------+-------
        D:1 |      45 |       0 |   0.0 |      22 |       0 |   0.0
        D:2 |      72 |       0 |   0.0 |      12 |       0 |   0.0
        D:3 |      73 |       0 |   0.0 |      24 |       0 |   0.0
        D:4 |      16 |       0 |   0.0 |       5 |       0 |   0.0
            +---------+---------+-------+---------+---------+-------
